 Dungeon Crawl Stone Soup version 0.19-a0-1170-g18f0c96 (webtiles) character file.

26 jacquesderrida the Slasher (level 2, 22/25 HPs)
             Began as a Minotaur Warper on Aug 17, 2016.
             Was a Follower of Kikubaaqudgha.
             Quit the game on level 2 of the Dungeon.
             The game lasted 00:01:16 (338 turns).

jacquesderrida the Slasher (Minotaur Warper)         Turns: 338, Time: 00:01:17

Health: 22/25      AC:  3    Str: 15    XL:     2   Next: 89%
Magic:  3/3        EV: 12    Int: 10    God:    Kikubaaqudgha [*.....]
Gold:   26         SH:  0    Dex:  9    Spells: 1 memorised, 2 levels left

rFire  . . .     SeeInvis .     a - +0 falchion
rCold  . . .     Gourm    .     b - +0 leather armour
rNeg   . . .     Faith    .     (no shield)
rPois  .         Spirit   .     (helmet restricted)
rElec  .         Dismiss  .     (no cloak)
rCorr  .         Reflect  .     (no gloves)
MR     .....     Harm     .     (no boots)
Stlth  +.........               (no amulet)
                                (no ring)
                                (no ring)

@: no status effects
A: retaliatory headbutt, horns 2
a: Receive Corpses, Renounce Religion


You were on level 2 of the Dungeon.
You worshipped Kikubaaqudgha.
Kikubaaqudgha was aware of your devotion.
You were not hungry.

You visited 1 branch of the dungeon, and saw 2 of its levels.

You collected 26 gold pieces.

Inventory:

Hand Weapons
 a - a +0 falchion (weapon)
Missiles
 e - 5 tomahawks of dispersal (quivered)
Armour
 b - a +0 leather armour (worn)
Scrolls
 d - a scroll of blinking
 g - a scroll of remove curse {unknown}
 h - 3 scrolls of enchant armour {unknown}
 i - 2 scrolls of identify {unknown}
Potions
 j - a potion of haste {unknown}
Books
 c - a book of Spatial Translocations

   Spells                             Type                      Level
   a - Apportation                    Translocation                1
   b - Blink                          Translocation                2
   c - Shroud of Golubria             Charms/Translocation         2
   d - Portal Projectile              Translocation                3
   e - Teleport Other                 Translocation                3
   f - Passage of Golubria            Translocation                4
 k - Kikubaaqudgha's Compendium of Dark Arts
   (Kikubaaqudgha gifted it to you on level 2 of the Dungeon)

   Spells                             Type                      Level
   a - Animate Skeleton               Necromancy                   1
   b - Corpse Rot                     Necromancy                   2
   c - Sublimation of Blood           Necromancy                   2
   d - Vampiric Draining              Necromancy                   3
   e - Control Undead                 Necromancy                   4
Comestibles
 f - 2 bread rations


   Skills:
 - Level 2.4 Fighting
 + Level 4.2 Long Blades
 - Level 1.0 Throwing
 - Level 1.2 Armour
 - Level 2.1 Dodging
 - Level 1.3 Spellcasting
 - Level 2.1 Translocations


You had 2 spell levels left.
You knew the following spells:

 Your Spells              Type           Power        Failure   Level  Hunger
a - Apportation           Tloc           #.........   17%         1    ##.....


Dungeon Overview and Level Annotations

Branches:
Dungeon (2/15)

Altars:
Kikubaaqudgha


Innate Abilities, Weirdness & Mutations

You reflexively headbutt those who attack you in melee.
You have a pair of horns on your head.


Message History

You see here 25 stones.
You see here 25 stones.
You enter a teleport trap!
The teleport trap disappears.
Your surroundings suddenly seem different.
Found a faded altar of an unknown god.
Unknown command.
There is a faded altar of an unknown god here.
You cannot tell which god this altar belongs to.
Convert to them anyway?
Okay, then.
You aren't carrying any pieces of jewellery.
Unknown command.
You cannot tell which god this altar belongs to.
Convert to them anyway?
Kikubaaqudgha accepts your prayer! Kikubaaqudgha welcomes you!
You can now receive cadavers from Kikubaaqudgha.
Kikubaaqudgha grants you a gift!
Unknown command. k - Kikubaaqudgha's Compendium of Dark Arts
There is an ancient bone altar of Kikubaaqudgha here.
Are you sure you want to abandon this character and quit the game? (Confirm with "yes".)

.#.....##.#.
......#...
#.....#..###
#..........
##.#........###.
...#....8....<.. .#
.......8.8..#...#.#
####..8.@.8.#...#.#
.......8.8..#...#.#
#####...8...#...#.#
............#...#.#
...##.#..#..#...#.#
.. #.#..#..#.....#
. #.#.....#...#<#
#.#....##...#.# ..#
#.#....##.#.#.#


There were no monsters in sight!

Vanquished Creatures
  A gnoll (D:1)
  A bat (D:1)
  A giant cockroach (D:2)
  A goblin (D:1)
  6 hobgoblins (D:1)
  A quokka (D:2)
  A giant newt (D:1)
  A kobold (D:1)
  2 rats (D:1)
15 creatures vanquished.

Notes
Turn   | Place    | Note
-------+----------+-------------------------------------------
     0 | D:1      | jacquesderrida the Minotaur Warper began the quest for the Orb.
     0 | D:1      | Reached XP level 1. HP: 18/18 MP: 1/1
    83 | D:1      | Reached skill level 3 in Long Blades
    97 | D:1      | Reached XP level 2. HP: 24/25 MP: 3/3
   265 | D:1      | Reached skill level 4 in Long Blades
   327 | D:2      | Found a faded altar of an unknown god.
   335 | D:2      | Became a worshipper of Kikubaaqudgha
   335 | D:2      | Reached * piety under Kikubaaqudgha
   335 | D:2      | Received a gift from Kikubaaqudgha
   336 | D:2      | Identified Kikubaaqudgha's Compendium of Dark Arts (Kikubaaqudgha gifted it to you on level 2 of the Dungeon)
   338 | D:2      | Quit the game

Vault maps used:
D:1:      shiori_arrival_elements
D:2:      nicolae_overflow_crystal_walls, ecumenical_altar_2,
          okawaru_altar_gauntlet_db

Skill      XL: |  1  2 |
---------------+-------+-----
Long Blades    | 3 4 |  4.2
Fighting       | |  2.4
Throwing       | |  1.0
Armour         | |  1.2
Dodging        | |  2.1
Spellcasting   | |  1.3
Translocations | |  2.1

Action                   || total
-------------------------++-------
Melee: Falchion          ||    33
       Headbutt          ||     2
Armor: Leather armour    ||     9
Dodge: Dodged            ||    19
